 Dungeon Crawl Stone Soup version 0.26.0-10-g1f06aea511 (webtiles) character file.

Game seed: 9107156307931499242

100 Borgoz the Slasher (level 4, -3/37 HPs)
             Began as a Ghoul Gladiator on Jan 15, 2021.
             Splashed by Ijyb's acid (16 damage)
             ... on level 3 of the Dungeon.
             The game lasted 00:01:58 (1865 turns).

Borgoz the Slasher (Ghoul Gladiator)                Turns: 1865, Time: 00:01:59

Health: -3/37      AC:  1    Str: 17    XL:     4   Next: 73%
Magic:  3/3        EV: 16    Int:  3    God:
Gold:   41         SH:  0    Dex: 11    Spells: 3/3 levels left

rFire    . . .     SeeInvis .   a - +1 long sword
rCold    + . .     Faith    .   (no shield)
rNeg     + + +     Spirit   .   b - +0 leather armour
rPois    ∞         Reflect  .   c - +1 helmet
rElec    .         Harm     .   (no cloak)
rCorr    .         Rampage  .   (no gloves)
Will     .....     Rnd*Tele +   (no boots)
Stlth    +.........             h - amulet of the acrobat
HPRegen  0.00/turn              f - +4 ring of evasion
MPRegen  0.08/turn              g - ring of teleportation (curse)

@: corroded
A: claws 1, cold resistance 1, negative energy resistance 3, inhibited
regeneration, torment resistance, unbreathing
a: no special abilities


You were on level 3 of the Dungeon.
You visited 1 branch of the dungeon, and saw 3 of its levels.

You collected 41 gold pieces.

Inventory:

Hand Weapons
 a - a +1 long sword (weapon)
Missiles
 d - 3 throwing nets (quivered)
Armour
 b - a +0 leather armour (worn)
 c - a +1 helmet (worn)
Jewellery
 f - a +4 ring of evasion (left claw)
 g - a cursed ring of teleportation (right claw)
 h - an amulet of the acrobat (around neck)
Scrolls
 k - a scroll of noise {unknown}
 m - a scroll of immolation {unknown}
Potions
 e - 3 potions of curing
 i - a potion of brilliance {unknown}
 j - a potion of haste
 l - a potion of lignification {unknown}


   Skills:
 + Level 2.8 Fighting
 * Level 3.5 Long Blades
 - Level 1.7 Throwing
 * Level 2.0 Armour
 + Level 3.1 Dodging


You had 3 spell levels left.
You didn't know any spells.
Your spell library was empty.

Dungeon Overview and Level Annotations

Branches:
Dungeon (3/15)

Altars:

Annotations:
D:3 Ijyb


Innate Abilities, Weirdness & Mutations

You thrive by killing the living.
You are immune to poison.
You have sharp fingernails.
Your flesh is cold resistant. (rC+)
You are immune to negative energy. (rN+++)
You do not regenerate when monsters are visible.
You are immune to unholy pain and torment.
You can survive without breathing.


Message History

You riposte.
You hit the giant cockroach.
The giant cockroach is almost dead.
The giant cockroach closely misses you.
You riposte.
You barely miss the giant cockroach.
The giant cockroach is almost dead.
You slash the giant cockroach!
You kill the giant cockroach!
No target in view!
No target in view!
You see here a giant cockroach corpse.
m - a scroll labelled MIBES ZOKHLU
Found a mace.
Ijyb the Twisted Goblin comes into view.
She is wielding a +4 club and carrying a wand of acid (15).
Ijyb drinks a potion.
Ijyb seems to speed up.
Ijyb is nearby!
Ijyb hits you with a +4 club.
You miss Ijyb.
Ijyb zaps a wand.
The bolt of acid hits you!!
Ouch! That really hurt!
The acid corrodes you!
You are splashed with acid!
You die...

#...#......###.##
+............#.#
#...#........#.##
#....#####.......
#...## ##......
#..## ##..... #
##.# #.....
#.##.###.# #.....
#....g@..# +.....
#..#.##..# #..†..
.. ...# #..... #.
##..# #####. #
.... # #.. #..).
####.###.# #.....
..........
#.############.##
................


You could see Ijyb (fast).

Vanquished Creatures
  A centaur zombie (D:3)
  An adder (D:2)
  3 dart slugs
  A leopard gecko (D:2)
  An orc (D:3)
  A ball python (D:1)
  4 giant cockroaches
  3 goblins
  9 hobgoblins
  7 kobolds
  3 quokkas
  5 bats
  3 frilled lizards
  4 rats
46 creatures vanquished.

Notes
Turn   | Place    | Note
-------+----------+-------------------------------------------
     0 | D:1      | Borgoz the Ghoul Gladiator began the quest for the Orb.
     0 | D:1      | Reached XP level 1. HP: 17/17 MP: 0/0
    29 | D:1      | Reached XP level 2. HP: 18/25 MP: 1/1
   291 | D:1      | Reached skill level 1 in Armour
   809 | D:1      | Reached XP level 3. HP: 26/30 MP: 2/2
  1279 | D:2      | Reached XP level 4. HP: 33/37 MP: 3/3
  1862 | D:3      | Noticed Ijyb
  1865 | D:3      | Splashed by Ijyb's acid

Illustrated notes

Levels and vault maps discovered:
D:1:      wander_arrival_estate, layout_basic
D:2:      layout_rooms
D:3:      layout_basic, grunt_temple_overflow_opulence, uniq_ijyb

Skill      XL: |  1  2  3  4 |
---------------+-------------+-----
Armour         | 1 2 |  2.0
Long Blades    | 3 |  3.5
Dodging        | 3 |  3.1
Fighting       | |  2.8
Throwing       | |  1.7

Action                   |  1- 3 |  4- 6 || total
-------------------------+-------+-------++-------
Melee: Long sword        |    87 |    22 ||   109
  Use: Scroll            |     5 |       ||     5
Armor: Leather armour    |    14 |     3 ||    17
Dodge: Dodged            |    78 |    22 ||   100
       Rpst.: Long sword |    33 |     9 ||    42
